Map: Tourmaline LE

Players

HuShang

  • Race: Protoss Protoss
  • Spawn Location: 1:00

A.I. 2 (Very Easy) - Winner!

  • Race: Zerg Zerg
  • Spawn Location: 7:00

VOD

Have the link to the VOD?

Description

Time

  • Played on: Nov. 22, 2025, 4:18 p.m.
  • Length: 7:33
Show
View Real Time Build Order
Export as new Build Order

HuShang Protoss 

Build Orders: 1 Gate Expand, Zealot Archon 

Get SALT Encoding   

  12  0:01  Probe  
  13  0:13  Probe  
  14  0:21  Pylon  
  14  0:25  Probe  
  15  0:37  Probe  
  15  0:39  Gateway  
  16  0:44  Assimilator  
  16  0:45  Probe  
  17  0:53  Probe  
  18  1:05  Probe  
  19  1:17  Probe  
  20  1:24  Nexus  
  20  1:34  Cybernetics Core  
  20  1:40  Assimilator  
  20  1:42  Probe  
  21  1:50  Pylon  
  21  1:57  Probe  
  22  2:02  Adept  
  22  2:09  Probe  
  25  2:21  Probe, Stargate  
  26  2:31  Adept  
  26  2:33  Probe  
  26  2:35  Probe  
  26  2:37  Warp Gate  
  30  2:45  Probe  
  30  2:50  Gateway  
  31  2:52  Probe  
  31  2:57  Probe  
  33  3:01  Adept  
  33  3:04  Probe  
  36  3:08  Void Ray  
  36  3:09  Probe  
  41  3:16  Probe  
  42  3:21  Pylon  
  42  3:22  Probe  
  43  3:29  Probe  
  43  3:34  Probe  
  45  3:38  Pylon  
  45  3:41  Probe  
  46  3:46  Probe  
  47  3:53  Probe  
  47  3:54  Nexus  
  48  3:58  Probe  
  49  4:05  Probe  
  50  4:10  Probe  
  50  4:14  Forge  
  50  4:15  Twilight Council  
  51  4:17  Probe, Robotics Facility  
  51  4:22  Probe  
  53  4:29  Probe  
  53  4:30  Assimilator, Protoss Ground Weapons Level 1  
  54  4:32  Assimilator  
  54  4:34  Probe  
  55  4:41  Probe  
  55  4:42  Gateway x2  
  55  4:44  Charge  
  56  4:46  Probe  
  57  4:53  Probe  
  57  4:58  Probe, Templar Archives  
  59  5:05  Probe  
  59  5:06  Probe  
  61  5:10  Probe  
  61  5:14  Gateway x2  
  62  5:17  Probe, Gateway  
  62  5:18  Probe  
  63  5:22  Gateway  
  63  5:25  Probe, Gateway  
  64  5:30  Probe x2  
  66  5:36  High Templar x2  
  66  5:37  Probe  
  66  5:42  Probe x2, Pylon  
  73  5:43  Pylon  
  73  5:49  Probe  
  74  5:54  Probe x2  
  74  5:56  Pylon  
  76  5:57  Pylon, Archon  
  76  6:01  Pylon, Probe  
  77  6:05  Gateway  
  77  6:06  High Templar x2, Gateway  
  77  6:07  Probe, Warp Prism, Gateway  
  77  6:08  Probe  
  77  6:10  Archon  
  83  6:13  Assimilator, Probe  
  83  6:18  Assimilator  
  86  6:24  High Templar x2  
  90  6:34  Zealot x5  
  90  6:35  Archon  
  90  6:39  Zealot x2  
  104  6:54  Adept x4  
Show
View Real Time Build Order
Export as new Build Order

A.I. 2 (Very Easy) Zerg - Winner!

Build Orders: Pool Only 

Get SALT Encoding   

  12  0:01  Drone  
  13  0:12  Overlord  
  13  0:16  Drone  
  14  0:35  Spawning Pool  
  13  0:36  Extractor  
  13  0:39  Drone  
  13  0:46  Drone  
  14  0:51  Overlord  
  14  1:21  Zergling x2, Queen  
  17  1:32  Roach Warren  
  16  1:35  Drone  
  17  1:40  Extractor  
  17  1:43  Drone  
  17  1:48  Zergling x2  
  18  2:02  Drone  
  19  2:09  Drone  
  20  2:15  Zergling x2  
  20  2:18  Drone  
  22  2:27  Overlord  
  22  2:32  Drone  
  23  2:39  Drone  
  23  2:43  Roach  
  26  2:46  Drone  
Tags
 
Add a new tag
Caveats
  • Supply blocks, unpowered buildings, or Contaminate may cause inaccurate times.
  • Supply counts are checked every 10 seconds.